 Dungeon Crawl Stone Soup version 0.31.0-32-g396128a36d (webtiles) character file.

Game seed: 6486786720001061712

136 monsoonserge the Ruffian (level 5, 0/36 HPs)
             Began as an Octopode Fighter on Mar 12, 2024.
             Slain by a sleepcap (5 damage)
             ... on level 4 of the Dungeon.
             The game lasted 00:06:35 (2449 turns).

monsoonserge the Ruffian (Octopode Fighter)         Turns: 2449, Time: 00:06:36

Health: 0/36       AC:  1    Str: 18    XL:     5   Next: 19%
Magic:  5/5        EV: 13    Int: 10    God:
Gold:   92         SH:  4    Dex: 11    Spells: 4/4 levels left

rFire   . .          .
                       - Unarmed
rCold   . . .        a - +0 buckler
rNeg    . . .        (helmet restricted)
rPois   .            (no amulet)
rElec   .            (no ring)
rCorr   .            (no ring)
SInv    .            (no ring)
Will    .....        (no ring)
Stlth   +++          (no ring)
HPRegen 0.26/turn    (no ring)
MPRegen 0.09/turn    (no ring)
                     (no ring)

%: no passive effects
@: no status effects
A: almost no armour, amphibious, 8 rings, camouflage 1, gelatinous body 1,
(nimble swimmer 1), tentacles
a: no special abilities


You were on level 4 of the Dungeon.
You visited 1 branch of the dungeon, and saw 4 of its levels.

You collected 92 gold pieces.

Inventory:

Missiles
 h - 10 boomerangs (quivered)
 o - 6 poisoned darts
Armour
 a - a +0 buckler (worn)
Jewellery
 p - a ring of wizardry
Wands
 q - a wand of flame (13)
Scrolls
 f - 2 scrolls of teleportation {unknown}
 g - 2 scrolls of enchant armour {unknown}
 i - 2 scrolls of identify {unknown}
 j - 3 scrolls of immolation {unknown}
 k - a scroll of amnesia {unknown}
 l - a scroll of fear {unknown}
Potions
 b - a potion of might
 c - a potion of attraction {unknown}
 d - 2 potions of lignification {unknown}
 e - a potion of enlightenment {unknown}
 m - a potion of curing {unknown}
 n - a potion of heal wounds {unknown}


   Skills:
 - Level 3.0 Fighting
 - Level 3.0 Dodging
 + Level 3.0 Stealth
 - Level 3.0 Shields
 * Level 4.7 Unarmed Combat


You had 4 spell levels left.
You didn't know any spells.
Your spell library contained the following spells:

 Spells                   Type           Power      Damage    Failure   Level
 Anguish                  Hex/Necr       0%         N/A       99%         4
 Cause Fear               Hex            0%         N/A       99%         4
 Enfeeble                 Hex            0%         N/A       100%        7


Dungeon Overview and Level Annotations

Branches:
Dungeon (4/15)
 Temple: D:4-7

Altars:

Shops:
D:1 !:

Annotations:
D:2 Sigmund


Innate Abilities, Weirdness & Mutations

You cannot wear most types of armour.
You are amphibious.
You can wear up to eight rings at the same time.
Your skin changes colour to match your surroundings (Stealth+).
Your rubbery body absorbs attacks. (AC +1, EV +1)
((You are camouflaged when in or above water. (Stealth+)))
You have tentacles for arms and can constrict up to eight enemies at once.


Message History

You fall asleep.
You lose your grip on the sleepcap.
The sleepcap releases spores at you!
You wake up.
You tentacle-slap the sleepcap. You grab the sleepcap.
You squeeze the sleepcap.
The sleepcap is lightly damaged.
You constrict the sleepcap. You block the sleepcap's attack.
You tentacle-slap the sleepcap but do no damage.
The sleepcap is moderately damaged.
You constrict the sleepcap. The sleepcap barely misses you.
You tentacle-slap the sleepcap but do no damage.
The sleepcap is moderately damaged.
You constrict the sleepcap. The sleepcap misses you.
You tentacle-slap the sleepcap but do no damage.
The sleepcap is heavily damaged.
You constrict the sleepcap. The sleepcap releases spores at you.
* * * LOW HITPOINT WARNING * * *
You are engulfed in a cloud of soporific spores!
You fall asleep.
You lose your grip on the sleepcap.
The sleepcap releases spores at you.
You wake up.
* * * LOW HITPOINT WARNING * * *
You are engulfed in a cloud of soporific spores!
You are unaffected.
You tentacle-slap the sleepcap. You grab the sleepcap.
The sleepcap is severely damaged.
You constrict the sleepcap. The sleepcap closely misses you.
You tentacle-slap the sleepcap but do no damage.
The sleepcap is severely damaged.
You constrict the sleepcap. The sleepcap completely misses you.
You tentacle-slap the sleepcap but do no damage.
You squeeze the sleepcap, but do no damage.
The sleepcap is severely damaged.
You constrict the sleepcap, but do no damage.
The sleepcap misses you.
You tentacle-slap the sleepcap but do no damage.
You squeeze the sleepcap.
The sleepcap is severely damaged.
You constrict the sleepcap. The sleepcap releases spores at you.
You die...

.# #.# #.. #.#
#.########.#
#.#......#.#
#.#.#.†..#.#
#.#@#.####.# .
#.#f#..<...#
#...###.#.####.#.#
......f...#....#.#
..#...#.###.####.#
###...# # #.#
...... #.#
.....### #)# .?...
#.#


You could see a sleepcap.

Vanquished Creatures
  5 adders
  3 dart slugs
  4 ribbon worms
  5 orcs (D:3)
  3 endoplasms
  6 giant cockroaches
  4 goblins (D:1)
  6 hobgoblins
  4 jackals (D:2)
  5 quokkas
  8 bats
  2 frilled lizards
  9 kobolds
  3 rats
67 creatures vanquished.

Notes
Turn   | Place    | Note
-------+----------+-------------------------------------------
     0 | D:1      | monsoonserge the Octopode Fighter began the quest for the
                  | Orb.
     0 | D:1      | Reached XP level 1. HP: 16/16 MP: 1/1
   142 | D:1      | Found Qissoron's Book Shoppe.
   220 | D:1      | Reached XP level 2. HP: 20/21 MP: 2/2
   232 | D:1      | Found Dukotiec's Distillery.
   249 | D:1      | Reached skill level 3 in Unarmed Combat
   318 | D:1      | Reached skill level 1 in Stealth
   373 | D:1      | Reached XP level 3. HP: 26/26 MP: 3/3
   650 | D:2      | Found a faded altar of an unknown god.
   697 | D:2      | Noticed Sigmund
  1125 | D:2      | Reached XP level 4. HP: 23/31 MP: 4/4
  1232 | D:2      | Reached skill level 4 in Unarmed Combat
  2137 | D:3      | Reached XP level 5. HP: 34/36 MP: 5/5
  2449 | D:4      | Slain by a sleepcap

Illustrated notes

Levels and vault maps discovered:
D:1:      dpeg_arrival_oval, layout_basic, serial_shops,
          nicolae_shop_industrial_runoff, nicolae_shop_just_a_little_nook
D:2:      layout_loops_ring, nicolae_ecumenical_oubliette,
          nicolae_houndstooth_variations, uniq_sigmund
D:3:      layout_loops_corners
D:4:      layout_basic, mainiacjoe_overflow_tiny_flanked,
          minmay_temple_entry_tees

Skill      XL: |  1  2  3  4  5 |
---------------+----------------+-----
Unarmed Combat | 3 4 |  4.7
Stealth        | 1 2 3 |  3.0
Fighting       | |  3.0
Dodging        | |  3.0
Shields        | |  3.0

Action                     |  1- 3 |  4- 6 || total
---------------------------+-------+-------++-------
  Melee: Unarmed           |    74 |    81 ||   155
         Constrict         |    18 |    25 ||    43
         Tentacles         |    16 |    15 ||    31
         Punch             |     3 |     2 ||     5
  Throw: Boomerang         |     1 |       ||     1
   Stab: Sleeping          |     6 |    10 ||    16
 Armour: Skin              |    27 |    28 ||    55
  Dodge: Dodged            |    29 |    37 ||    66
  Block: Buckler           |    14 |    11 ||    25
